 Dungeon Crawl Stone Soup version 0.13-a0-1553-g7307ddf (webtiles) character file.

23976 Koal the Grappler (level 12, 0/84 HPs)
             Began as a Lava Orc Transmuter on June 9, 2013.
             Was a High Priest of Makhleb.
             Killed from afar by an electric eel (9 damage)
             ... with a bolt of electricity
             ... on Level 4 of the Lair of Beasts on June 10, 2013.
             The game lasted 02:20:03 (21247 turns).

Koal the Grappler (Lava Orc Transmuter)            Turns: 21247, Time: 02:20:03

HP   0/84        AC 15     Str 14      XL: 12   Next: 58%
MP  27/27        EV 17     Int 17      God: Makhleb [*****.]
Gold 883         SH  0     Dex 11      Spells:  4 memorised,  5 levels left

Res.Fire  : + . .   See Invis. : .     - Unarmed
Res.Cold  : + + .   Warding    : .   f - +1 elf robe {rC+}
Life Prot.: . . .   Conserve   : .   (no shield)
Res.Poison: +       Res.Corr.  : .   y - +2 dwarf horned helmet
Res.Elec. : .       Clarity    : .   h - +0 cloak
Sust.Abil.: . .     Spirit.Shd : .   m - +0 pair of gauntlets
Res.Mut.  : .       Stasis     : .   i - +2 pair of boots
Res.Rott. : .       Flight     : .   (no amulet)
Saprovore : + . .                    a - ring of poison resistance
                                     w - ring of protection from cold

@: slow, somewhat resistant to hostile enchantments, unstealthy
A: conserve scrolls, saprovore 1
a: Minor Destruction, Lesser Servant of Makhleb, Major Destruction, Greater
Servant of Makhleb, Renounce Religion


You were on level 4 of the Lair of Beasts.
You worshipped Makhleb.
Makhleb was exalted by your worship.
You were not hungry.

You visited 3 branches of the dungeon, and saw 17 of its levels.
You also visited: Sewer.

You collected 863 gold pieces.

Inventory:

Hand weapons
 b - a +5 blowgun
Missiles
 k - 4 needles of frenzy
 s - 7 javelins (quivered)
 v - 16 stones
 z - 19 poisoned needles
 K - 10 darts of dispersal {=f}
Armour
 f - a +1 elven robe of cold resistance (worn)
 h - a +0 cloak (worn)
 i - a +2 pair of boots (worn)
 m - a +0 pair of gauntlets (worn)
 y - a +2 dwarven horned helmet (worn)
Magical devices
 l - a wand of fire (4)
 t - a wand of cold (3)
 x - a wand of disintegration (11)
 O - a wand of teleportation (0)
Comestibles
 d - a pear
 p - a lemon
 P - 6 cheeses
Scrolls
 g - a scroll of magic mapping
 j - a scroll of enchant armour
 n - 2 scrolls of fear
 o - 2 scrolls of remove curse
 C - 4 scrolls of fog
 F - 6 scrolls of teleportation
Jewellery
 a - a ring of poison resistance (right hand)
 e - an uncursed ring of ice
 w - a ring of protection from cold (left hand)
Potions
 A - 2 potions of heal wounds
 B - a potion of agility {unknown}
 D - a potion of speed
 H - a potion of confusion {unknown}
 I - a potion of cure mutation {unknown}
 J - 4 potions of curing
 L - 2 potions of invisibility {unknown}
 Q - a potion of poison {unknown}


   Skills:
 - Level 1.2 Fighting
 + Level 10.9 Dodging
 * Level 13.4 Unarmed Combat
 - Level 3.8 Spellcasting
 - Level 11.2 Transmutations
 - Level 13.1 Invocations


You had 5 spell levels left.
You knew the following spells:

 Your Spells              Type           Power        Failure   Level  Hunger
a - Beastly Appendage     Trmt           #####.       1%          1    None
b - Spider Form           Trmt/Pois      ###.......   6%          3    ###....
c - Ice Form              Ice/Trmt       ###.......   17%         4    ####...
d - Blade Hands           Trmt           #####.....   6%          5    #####..


Dungeon Overview and Level Annotations

Branches:
Dungeon (12/27)            Temple (1/1) D:6             Orc (0/4) D:11
   Lair (4/8) D:12         Shoals (0/5) Lair:3        Snake (0/5) Lair:4

Altars:
Ashenzari
Cheibriados
Elyvilon
Fedhas
Kikubaaqudgha
Makhleb
Nemelex Xobeh
Okawaru
Sif Muna
Trog
Vehumet
Xom
Yredelemnul
Zin
the Shining One


Innate Abilities, Weirdness & Mutations

You have stony skin.
You cover ground slowly.
Your flesh is heat resistant.
Your flesh is vulnerable to cold.
Your heat harms attackers.
You bathe your surroundings in blazing heat.
You are too hot to use scrolls.
You are very good at protecting items from fire.
You can tolerate rotten meat.


Message History

The electric eel shoots out a bolt of electricity!
The bolt of electricity misses you.
The swamp worm bites you but does no damage.
You closely miss the swamp worm. The swamp worm bites you!
Your green death hits the swamp worm.
The electric eel shoots out a bolt of electricity!
The bolt of electricity hits you!
A swamp worm comes into view.
You swap places.
The swamp worm bites you!
* * * LOW HITPOINT WARNING * * *
Your green death barely misses the swamp worm.
Your green death hits the swamp worm!
Your green death closely misses the swamp worm.
Your green death gestures at the swamp worm.
The poison arrow hits the swamp worm.
The swamp worm is poisoned.
The swamp worm dies!
Makhleb accepts your collateral kill.
The electric eel shoots out a bolt of electricity!
The bolt of electricity hits you!
You die...

## ##. ♣♣♣♣♣♣♣♣♣♣♣♣♣♣♣
###..♣♣♣≈≈≈≈≈♣≈≈≈≈≈w≈§§
#...♣...♣...@.2...♣
#...♣.....♣.(.......§§;
#....♣♣♣≈≈≈≈≈≈≈≈w≈≈;≈§
#......♣♣♣♣♣♣♣♣♣♣♣♣♣♣♣ ##
##..........♣♣♣♣♣♣♣
#.####........#.#...#.#
#...............#...#.#
.ff...#.......(.###...###
...f............#.......#


You could see 2 swamp worms, an electric eel and a friendly green death.

Vanquished Creatures
  Fannar (Lair:2)
  Harold (Lair:2)
  Urug (D:12)
  An unseen horror (D:11)
  3 hill giants
  Pikel (D:5)
  Joseph (D:7)
  2 trapdoor spider zombies
  A black mamba (Lair:4)
  A cyclops (D:12)
  2 spiny frogs
  3 slime creatures (D:12)
  3 komodo dragons
  8 wandering mushrooms (Lair:2)
  3 blink frogs
  A snapping turtle (Lair:3)
  2 basilisks
  A wyvern (D:11)
  A hippogriff (Lair:1)
  Eustachio (D:7)
  3 yaks
  Grum (D:11)
  A fire drake (D:12)
  3 hungry ghosts
  4 war dogs (D:11)
  Edmund (D:5)
  Menkaure (D:5)
  A sky beast (D:11)
  A necrophage (D:10)
  A manticore (D:9)
  An orc warrior (D:11)
  A wyvern skeleton (D:6)
  A slave (D:5)
  3 ogres
  3 phantoms
  2 ice beasts
  A yak zombie (D:11)
  4 giant goldfish (Lair:2)
  A giant slug (Lair:1)
  A yak skeleton (D:10)
  3 giant frog zombies
  2 centaur zombies
  3 crocodiles
  9 centaurs
  11 giant frogs
  2 agate snails (Lair:1)
  4 water moccasins
  A big kobold (D:12)
  15 killer bees
  An eye of draining (D:9)
  7 wights
  7 electric eels
  2 goliath beetles (D:8)
  3 jellyfish
  4 crimson imps
  11 hounds
  6 big fish
  An iron imp (D:7)
  A scorpion (D:12)
  6 iguanas
  A hound skeleton (D:5)
  An orange rat (D:10)
  A deep elf soldier (D:8)
  A quasit (D:12)
  11 worker ants
  6 orc wizards
  A steam dragon skeleton (D:11)
  5 jellies
  6 porcupines
  A mummy (D:7)
  17 adders
  3 gnolls (D:2)
  49 green rats
  2 iguana zombies (D:5)
  An iguana skeleton (D:4)
  2 giant centipedes (Lair:1)
  7 worms
  An adder skeleton (D:9)
  6 giant mites
  An inept feature mimic (D:8)
  A white imp (D:7)
  2 ufetubi (Lair:3)
  4 grey rats (D:10)
  5 giant geckos
  5 oozes
  33 orcs
  2 ball pythons
  33 bats
  13 giant cockroaches
  14 goblins
  15 hobgoblins
  11 jackals
  5 quokkas
  7 giant newts
  2 hobgoblin zombies (D:6)
  13 kobolds
  A kobold skeleton (D:6)
  31 rats
  A plant (Lair:2)
493 creatures vanquished.

Vanquished Creatures (collateral kills)
  The ghost of Fv001 the Hoplite, a powerful LOFi of the Shining One (Lair:3)
  A hill giant (D:12)
  3 yaks (Lair:1)
  A vampire mosquito (D:12)
  2 swamp worms (Lair:4)
  An orc warrior (D:12)
  A crocodile (Lair:4)
  A giant slug (Lair:1)
  5 centaurs (D:12)
  A big fish (Lair:4)
  An iguana (Lair:1)
  A bat (Lair:4)
19 creatures vanquished.

Vanquished Creatures (others)
  A neqoxec (D:11)
  A sky beast (D:6)
  An adder (Lair:2)
  2 green rats
  A shadow imp (D:11)
  An ufetubus (Lair:3)
  A goblin (D:1)
  A jackal (Lair:2)
  2 quokkas
  A giant newt (D:1)
  2 kobolds (D:12)
  A rat (D:9)
  A fungus (Lair:4)
  2 plants
18 creatures vanquished.

Grand Total: 530 creatures vanquished

Notes
Turn   | Place    | Note
--------------------------------------------------------------
     0 | D:1      | Koal, the Lava Orc Transmuter, began the quest for the Orb.
     0 | D:1      | Reached XP level 1. HP: 16/16 MP: 1/1
   341 | D:1      | Reached XP level 2. HP: 23/23 MP: 2/2
   459 | D:1      | Reached skill level 4 in Unarmed Combat
  1142 | D:2      | Reached XP level 3. HP: 28/28 MP: 0/4
  1147 | D:2      | Learned a level 3 spell: Spider Form
  1710 | D:2      | Reached XP level 4. HP: 26/35 MP: 3/5
  2336 | D:3      | Reached skill level 5 in Transmutations
  2689 | D:3      | Found a sparkling altar of Nemelex Xobeh.
  2810 | D:3      | Reached XP level 5. HP: 40/40 MP: 4/6
  3078 | D:4      | Reached skill level 6 in Transmutations
  3208 | D:4      | Noticed an ogre
  3223 | D:4      | Killed an ogre
  3223 | D:4      | Reached XP level 6. HP: 36/47 MP: 5/9
  3301 | D:4      | Found a glowing drain.
  3344 | Sewer    | Entered a sewer
  3351 | Sewer    | Reached skill level 5 in Unarmed Combat
  3517 | Sewer    | Learned a level 5 spell: Blade Hands
  4320 | D:4      | Noticed an ice beast
  4338 | D:4      | Killed an ice beast
  4415 | D:5      | Entered Level 5 of the Dungeon
  4430 | D:5      | Noticed Menkaure
  4572 | D:4      | Reached XP level 7. HP: 23/53 MP: 8/12
  5046 | D:5      | Noticed Edmund
  5113 | D:5      | maraudo: hi koal! im new here and i not see the menus under the map, like in the downloaded version 0,9 i have. is normal?
  5401 | D:5      | maraudo: menus like inventary, monstel list, spell list ecc....
  5411 | D:5      | Killed Menkaure
  5556 | D:5      | maraudo: do you know if is a bug of me or the online version works withount those interface?
  5600 | D:5      | maraudo: plz!
  5633 | D:5      | Learned a level 4 spell: Ice Form
  5774 | D:5      | Killed Edmund
  5774 | D:5      | Reached skill level 7 in Unarmed Combat
  5774 | D:5      | Reached XP level 8. HP: 54/60 MP: 12/15
  6116 | D:6      | Noticed Pikel
  6147 | D:5      | Killed Pikel
  6147 | D:5      | Reached skill level 9 in Unarmed Combat
  6569 | D:6      | Found a staircase to the Ecumenical Temple.
  6606 | Temple   | Entered the Ecumenical Temple
  6646 | Temple   | Became a worshipper of Makhleb the Destroyer
  6990 | D:6      | Found a basalt altar of Yredelemnul.
  7583 | D:7      | Reached XP level 9. HP: 63/66 MP: 13/17
  7817 | D:7      | Reached skill level 10 in Unarmed Combat
  8082 | D:7      | Noticed Joseph
  8093 | D:7      | Killed Joseph
  8128 | D:7      | Noticed Eustachio
  8143 | D:7      | Killed Eustachio
  8578 | D:8      | Found a white marble altar of Elyvilon.
  8632 | D:8      | Acquired Makhleb's first power
  8647 | D:8      | Reached skill level 10 in Transmutations
  8866 | D:8      | Found a staircase to the Lair.
  8868 | D:8      | the staircase to the Lair was a mimic.
  8955 | D:8      | Acquired Makhleb's second power
  9215 | D:9      | Upgraded the game from 0.13-a0-1536-gedae9ec to 0.13-a0-1553-g7307ddf
  9297 | D:9      | Reached skill level 11 in Transmutations
  9431 | D:9      | Found a bloodstained altar of Trog.
 10267 | D:9      | Reached XP level 10. HP: 72/72 MP: 18/18
 10307 | D:9      | Reached XP level 9. HP: 59/66 MP: 26/26
 10420 | D:9      | Acquired Makhleb's third power
 10524 | D:9      | Noticed a trapdoor spider zombie
 10539 | D:9      | Killed a trapdoor spider zombie
 10628 | D:10     | Entered Level 10 of the Dungeon
 10640 | D:10     | Reached skill level 5 in Dodging
 10676 | D:10     | Reached XP level 10. HP: 72/72 MP: 18/18
 10977 | D:10     | Acquired Makhleb's fourth power
 11034 | D:10     | Reached skill level 1 in Invocations
 11428 | D:10     | Found a glowing golden altar of the Shining One.
 12476 | D:11     | Reached skill level 5 in Invocations
 12905 | D:11     | Killed an unseen horror
 13287 | D:11     | Noticed a hill giant
 13296 | D:11     | Noticed a hill giant
 13299 | D:11     | Killed a hill giant
 13306 | D:11     | Killed a hill giant
 13306 | D:11     | Reached skill level 10 in Invocations
 13325 | D:11     | Got a crude scimitar {distort}
 13545 | D:11     | Noticed Grum
 13551 | D:11     | Reached XP level 11. HP: 68/78 MP: 25/25
 13555 | D:11     | Killed Grum
 13555 | D:11     | Acquired Makhleb's fifth power
 13808 | D:11     | Found a staircase to the Orcish Mines.
 14182 | D:12     | Noticed a hill giant
 14194 | D:12     | Killed a hill giant
 14213 | D:12     | Reached skill level 12 in Invocations
 14658 | D:12     | Got a transparent plate armour
 14669 | D:12     | Found a staircase to the Lair.
 14714 | Lair:1   | Entered Level 1 of the Lair of Beasts
 14918 | D:12     | Noticed Urug
 15152 | D:12     | Killed Urug
 15273 | D:12     | Found a radiant altar of Vehumet.
 15281 | D:12     | Noticed a hill giant
 15296 | D:12     | Killed a hill giant
 15657 | Lair:1   | Reached skill level 10 in Dodging
 17169 | Lair:2   | Reached XP level 12. HP: 84/84 MP: 27/27
 17735 | Lair:2   | Noticed Fannar
 17768 | Lair:2   | Killed Fannar
 17863 | Lair:2   | Noticed Harold
 17879 | Lair:2   | Killed Harold
 17879 | Lair:2   | Reached skill level 13 in Invocations
 19563 | Lair:3   | Noticed Fv001's ghost (powerful LOFi)
 19584 | Lair:3   | Killed Fv001's ghost
 19796 | Lair:3   | Found a staircase to the Shoals.
 19993 | Lair:4   | Found a staircase to the Snake Pit.
 20500 | Lair:4   | Noticed an eight-headed hydra
 21247 | Lair:4   | Killed from afar by an electric eel

Action                   |  1- 3 |  4- 6 |  7- 9 | 10-12 || total
-------------------------+-------+-------+-------+-------++-------
Melee: Unarmed           |   122 |   259 |   466 |   957 ||  1804
       Blowgun           |       |       |       |     1 ||     1
 Fire: Blowgun           |       |    10 |   163 |   184 ||   357
Throw: Dart              |    78 |    83 |    41 |     1 ||   203
       Javelin           |       |       |    11 |    22 ||    33
       Stone             |       |       |       |     9 ||     9
 Cast: Beastly Appendage |    19 |    15 |     3 |       ||    37
       Spider Form       |       |    11 |    21 |       ||    32
       Blade Hands       |       |       |     9 |    50 ||    59
       Ice Form          |       |       |       |     1 ||     1
Invok: Lesser Servant of |       |       |       |     2 ||     2
       Greater Servant o |       |       |       |     5 ||     5
       Minor Destruction |       |       |       |     2 ||     2
 Abil: End Transformatio |       |     4 |    10 |     1 ||    15
Evoke: Wand              |       |       |       |     4 ||     4
  Use: Potion            |       |     1 |       |     4 ||     5
       Scroll            |       |       |    19 |    16 ||    35
 Stab: Distracted        |       |       |       |     3 ||     3
